 Dungeon Crawl Stone Soup version 0.30.1-1-g62c8e00024 (webtiles) character file.

Game seed: 10495044415530009763

1247 Martska the Trooper (level 8, -7/73 HPs)
             Began as a Minotaur Fighter on July 14, 2023.
             Was an Initiate of the Shining One.
             Mangled by an orc warrior
             ... wielding a +0 scimitar
              (19 damage)
             ... on level 6 of the Dungeon.
             The game lasted 00:08:09 (4179 turns).

Martska the Trooper (Minotaur Fighter)              Turns: 4179, Time: 00:08:11

Health: -7/73      AC:  7    Str: 23    XL:     8   Next: 25%
Magic:  9/9        EV:  8    Int:  5    God:    the Shining One [......]
Gold:   283        SH: 12    Dex: 10    Spells: 7/7 levels left

rFire   . . .        y - +1 hand axe (heavy)
rCold   . . .        r - +0 tower shield
rNeg    . . .        b - +0 scale mail
rPois   .            (helmet restricted)
rElec   .            (no cloak)
rCorr   .            (no gloves)
SInv    .            (no boots)
Will    .....        (no amulet) Stlth
                     (no ring)
HPRegen 0.32/turn    (no ring)
MPRegen 0.11/turn

%: no passive effects
@: glowing
A: horns 2, retaliatory headbutt
a: Renounce Religion


You were on level 6 of the Dungeon.
You worshipped the Shining One.
The Shining One was noncommittal.
You visited 2 branches of the dungeon, and saw 7 of its levels.

You collected 283 gold pieces.

Inventory:

Hand Weapons
 a - a +0 war axe
 y - a +1 heavy hand axe (weapon)
Armour
 b - a +0 scale mail (worn)
 c - a +0 buckler
 r - a +0 tower shield (worn)
Wands
 C - a wand of light (7)
Scrolls
 e - a scroll of magic mapping
 f - 3 scrolls of teleportation {unknown}
 g - a scroll of blinking {unknown}
 h - a scroll of amnesia {unknown}
 j - 2 scrolls of torment
 k - a scroll of vulnerability {unknown}
 n - a scroll of brand weapon {unknown}
 o - 3 scrolls of noise {unknown}
 q - 5 scrolls of fear
 s - a scroll of fog {unknown}
 v - a scroll of enchant weapon {unknown}
 B - a scroll of immolation {unknown}
Potions
 d - a potion of might
 i - a potion of attraction
 l - a potion of mutation {unknown}
 m - a potion of heal wounds {unknown}
 p - a potion of invisibility {unknown}
 t - 2 potions of lignification {unknown}
 u - a potion of degeneration {unknown}
 w - a potion of brilliance {unknown}
 x - 2 potions of berserk rage {unknown}
 z - a potion of haste
 A - a potion of curing


   Skills:
 * Level 7.4 Fighting
 * Level 6.8 Axes
 - Level 4.0 Armour
 - Level 4.0 Dodging
 - Level 5.0 Shields
 * Level 3.6 Invocations


You had 7 spell levels left.
You didn't know any spells.
Your spell library contained the following spells:

 Spells                   Type           Power      Damage    Failure   Level
 Apportation              Tloc           0%         N/A       100%        1
 Necrotise                Necr           0%         1d4       100%        1
 Shock                    Conj/Air       0%         1d3       100%        1
 Summon Small Mammal      Summ           0%         N/A       100%        1
 Scorch                   Fire           0%         2d5       100%        2
 Ozocubu's Armour         Ice            0%         N/A       100%        3
 Swiftness                Air            0%         N/A       100%        3
 Airstrike                Air            0%         2d(0-16)  100%        4
 Flame Wave               Conj/Fire      0%         2d4       100%        4
 Metabolic Englaciation   Hex/Ice        0%         N/A       100%        5
 Simulacrum               Ice/Necr       0%         N/A       100%        6
 Summon Cactus Giant      Summ           0%         N/A       100%        6


Dungeon Overview and Level Annotations

Branches:
Dungeon (6/15)             Temple (1/1) D:4

Altars:
Ashenzari
Cheibriados
Dithmenos
Fedhas
Gozag
Hepliaklqana
Kikubaaqudgha
Makhleb
Okawaru
Ru
Sif Muna
Trog
Uskayaw
Vehumet
Wu Jian
Xom
Zin
The Shining One

Shops:
D:1 (   D:4 :


Innate Abilities, Weirdness & Mutations

You have a pair of horns on your head.
You reflexively headbutt those who attack you in melee.


Message History

You are poisoned.
You hit Duvessa but do no damage.
Duvessa is heavily wounded.
You feel very sick.
Duvessa zaps a wand.
The bolt of light hits you!
You slash Duvessa! Your headbutt misses Duvessa.
Duvessa is severely wounded.
You feel sick.
Duvessa says, "My weaknesses are his strengths!"
Duvessa barely misses you.
Duvessa zaps a wand.
The bolt of light misses you.
You slash Duvessa!
You kill Duvessa!
You hear a distant wail of despair.
You feel sick.
You feel sick.
C - a wand of light (7)
Items here: ( ) [ †.
You feel sick.
You feel sick.
There is a stone staircase leading down here.
You feel sick.
You are no longer poisoned.
You climb downwards.
The orc warrior shouts!
The orc shouts!
The orc wizard shouts!
The iguana hisses angrily.
There is a stone staircase leading up here.
You slice the orc wizard!!
You kill the orc wizard!
You barely miss the orc warrior. You slash the orc!
You kill the orc!
The orc warrior hits you with a +0 scimitar!
* * * LOW HITPOINT WARNING * * *
The orc warrior closely misses you.
You slash the iguana!
The iguana is almost dead.
You hit the orc warrior.
An orc priest comes into view. It is wielding a +0 whip.
The iguana bites you!
* * * LOW HITPOINT WARNING * * *
The orc warrior hits you with a +0 scimitar!!
You die...

. .o ##### ...
#...# ....
#...# .....
#.#.o)#......
#...o@.......
#......l.......
#..............
#..............
######........#
###......#
#...... ......


You could see an orc warrior, an iguana, an orc priest (wandering) and an orc.

Vanquished Creatures
  Sigmund (D:2)
  Eustachio (D:4)
  Duvessa (D:5)
  A black bear (D:5)
  An ogre (Temple)
  A gnoll sergeant (D:5)
  2 scorpions (D:5)
  A howler monkey (D:5)
  2 hounds (D:5)
  2 orc priests (D:5)
  2 iguanas (D:4)
  2 orc wizards
  7 gnolls
  7 adders
  A white imp (D:5)
  An ufetubus (D:4)
  3 worms
  2 dart slugs
  11 orcs
  12 endoplasms
  5 giant cockroaches
  4 goblins
  9 hobgoblins
  8 jackals
  7 kobolds
  5 quokkas
  4 ball pythons
  3 bats
  5 frilled lizards
  2 rats
113 creatures vanquished.

Notes
Turn   | Place    | Note
-------+----------+-------------------------------------------
     0 | D:1      | Martska the Minotaur Fighter began the quest for the Orb.
     0 | D:1      | Reached XP level 1. HP: 19/19 MP: 0/0
   166 | D:1      | Reached XP level 2. HP: 23/27 MP: 1/1
   229 | D:1      | Reached skill level 1 in Dodging
   456 | D:1      | Reached skill level 4 in Fighting
   496 | D:1      | Found Guedwava's Weapon Shop.
   813 | D:2      | Identified the +2 dagger "Zasosok" {flame, rF+ Str+3}
   817 | D:2      | Noticed Sigmund
   829 | D:2      | Killed Sigmund
   830 | D:2      | Reached skill level 5 in Fighting
   830 | D:2      | Reached XP level 3. HP: 25/36 MP: 2/2
   830 | D:2      | Reached XP level 4. HP: 29/42 MP: 3/3
   830 | D:2      | Reached XP level 5. HP: 33/48 MP: 4/4
  1702 | D:2      | Reached XP level 6. HP: 52/56 MP: 5/5
  2325 | D:4      | Found Jyery's Book Boutique.
  2399 | D:4      | Noticed Eustachio
  2413 | D:4      | Killed Eustachio
  2414 | D:4      | Reached skill level 5 in Axes
  2508 | D:4      | Found a staircase to the Ecumenical Temple.
  2517 | Temple   | Entered the Ecumenical Temple
  2678 | Temple   | Became a worshipper of the Shining One
  2747 | Temple   | Reached skill level 6 in Fighting
  2747 | Temple   | Reached skill level 1 in Invocations
  2747 | Temple   | Reached XP level 7. HP: 55/63 MP: 6/6
  3022 | D:4      | Found a sacrificial altar of Ru.
  3184 | D:4      | Found a radiant altar of Vehumet.
  3187 | D:4      | Found a glowing silver altar of Zin.
  3189 | D:4      | Found a bloodstained altar of Trog.
  3198 | D:4      | Found a hide-covered altar of Uskayaw.
  3436 | D:4      | Found a snail-covered altar of Cheibriados.
  3674 | D:5      | Entered Level 5 of the Dungeon
  3719 | D:5      | Reached skill level 5 in Shields
  3933 | D:5      | Found a shimmering blue altar of Sif Muna.
  3994 | D:5      | Reached skill level 7 in Fighting
  3994 | D:5      | Reached XP level 8. HP: 39/73 MP: 9/9
  4157 | D:5      | Noticed Duvessa
  4171 | D:5      | Killed Duvessa
  4179 | D:6      | Mangled by an orc warrior

Illustrated notes

Levels and vault maps discovered:
D:1:      dpeg_chamrin_arrival_tetris, layout_loops_ring, serial_shops,
          shop_fountains, minmay_parallelograms, minmay_stone_trees_medium,
          minivault_11, st_stairs_3, minmay_liquid_box,
          chequers_serial_rivers_micro_e
D:2:      layout_basic, kennysheep_generic_room_10, uniq_sigmund
D:3:      layout_rooms, chequers_decorated_corner, minmay_three_crescents
D:4:      layout_basic, eat_drink_and_be_merry_uskayaw, cheibrodos_worm_habitat,
          grunt_temple_overflow_open, old_standard_altar,
          minmay_temple_entry_mist, serial_shops, shop, uniq_eustachio
D:5:      layout_basic, mainiacjoe_overflow_boulevard,
          nicolae_sif_muna_condensation, uniq_duvessa
D:6:      layout_cave_pools, hangedman_decor_clover_reticule,
          minmay_fractal_squares_diagonal_5, uniq_menkaure
Temple:   minmay_temple_curvy_loop

Skill      XL: |  1  2  3  4  5  6  7 |
---------------+----------------------+-----
Dodging        | 2 3 4 |  4.0
Fighting       | 5 6 7 |  7.4
Axes           | 4 5 6 |  6.8
Shields        | 4 5 |  5.0
Invocations    | 1 3 |  3.6
Armour         | 4 |  4.0

Action                     |  1- 3 |  4- 6 |  7- 9 || total
---------------------------+-------+-------+-------++-------
  Melee: War axe           |    34 |    65 |       ||    99
         Headbutt          |     3 |    12 |     9 ||    24
         Hand axe          |       |    32 |   110 ||   142
    Use: Scroll            |       |     4 |       ||     4
 Armour: Scale mail        |    19 |    29 |    51 ||    99
  Dodge: Dodged            |    23 |    38 |    34 ||    95
  Block: Buckler           |    12 |     6 |       ||    18
         Tower shield      |       |    62 |    72 ||   134
